 Dungeon Crawl Stone Soup version 0.19-a0-994-g3c636f0 (webtiles) character file.

3479 MrRokkomies the Carver (level 10, -1/61 HPs)
             Began as an Octopode Skald on July 15, 2016.
             Was an Initiate of Okawaru.
             Slain by an orc wizard
             ... wielding a +0 dagger
              (4 damage)
             ... on level 6 of the Dungeon.
             The game lasted 00:23:41 (9028 turns).

MrRokkomies the Carver (Octopode Skald)             Turns: 9028, Time: 00:23:42

Health: -1/61      AC:  1    Str: 13    XL:     10   Next: 7%
Magic:  22/22      EV: 17    Int: 15    God:    Okawaru [......]
Gold:   274        SH:  0    Dex: 13    Spells: 5 memorised, 2 levels left

rFire  + . .     SeeInvis .     a - +1 falchion (holy)
rCold  . . .     Gourm    .     (no shield)
rNeg   . . .     Faith    .     (helmet restricted)
rPois  .         Spirit   .     (no amulet)
rElec  .         Dismiss  .     f - ring of magical power
rCorr  +         Reflect  .     l - ring of resist corrosion
SustAt .         Harm     .     g - ring of protection from fire
MR     .....                    C - ring of flight
Stlth  ++........               (no ring)
                                (no ring)
                                (no ring)
                                (no ring)

@: not resistant to hostile enchantments, unstealthy
A: almost no armour, amphibious, 8 rings, constrict 8, camouflage 1, gelatinous
body 1
a: Renounce Religion, Evoke Flight


You were on level 6 of the Dungeon.
You worshipped Okawaru.
Okawaru was noncommittal.
You were near starving.

You visited 2 branches of the dungeon, and saw 9 of its levels.

You collected 274 gold pieces.

Inventory:

Hand Weapons
 a - a +1 falchion of holy wrath (weapon)
Missiles
 d - 5 tomahawks
 i - 177 stones (quivered)
 j - 70 sling bullets
 y - 5 javelins
Jewellery
 f - a ring of magical power (left tentacle)
 g - a ring of protection from fire (on tentacle)
 l - a ring of resist corrosion (right tentacle)
 C - a ring of flight (on tentacle)
Wands
 A - a wand of teleportation (0/9)
Scrolls
 e - a scroll of recharging
 q - 2 scrolls of identify
 x - a scroll of enchant armour
 B - 3 scrolls of remove curse
 D - 2 scrolls of magic mapping
Potions
 h - 3 potions of brilliance
 k - 3 potions of cancellation
 m - a potion of flight
 p - a potion of magic
 E - a potion of cure mutation
Books
 b - a book of Battle

   Spells                             Type                      Level
   a - Infusion                       Charms                       1
   b - Shroud of Golubria             Charms/Translocation         2
   c - Song of Slaying                Charms                       2
   d - Spectral Weapon                Hexes/Charms                 3
   e - Regeneration                   Charms/Necromancy            3
 u - a book of Clouds

   Spells                             Type                      Level
   a - Mephitic Cloud                 Conjuration/Poison/Air       3
   b - Conjure Flame                  Conjuration/Fire             3
   c - Poisonous Cloud                Conjuration/Poison/Air       6
   d - Freezing Cloud                 Conjuration/Ice/Air          6
   e - Ring of Flames                 Charms/Fire                  7
Comestibles
 c - 3 bread rations
 s - a meat ration
 t - a fruit
 v - a royal jelly
 w - a beef jerky


   Skills:
 * Level 2.6 Fighting
 - Level 10.0 Long Blades
 * Level 9.1 Dodging
 - Level 2.0 Spellcasting
 - Level 5.1 Charms


You had 2 spell levels left.
You knew the following spells:

 Your Spells              Type           Power        Failure   Level  Hunger
a - Infusion              Chrm           ###.         2%          1    #......
b - Shroud of Golubria    Chrm/Tloc      #.........   12%         2    ###....
c - Song of Slaying       Chrm           ###.....     4%          2    ###....
d - Spectral Weapon       Hex/Chrm       #.......     24%         3    ###....
e - Mephitic Cloud        Conj/Pois/Air  #.......     69%         3    ###....


Dungeon Overview and Level Annotations

Branches:
Dungeon (8/15)             Temple (1/1) D:6
   Lair: D:8-11

Altars:
Ashenzari
Cheibriados
Elyvilon
Fedhas
Gozag
Hepliaklqana
Makhleb
Nemelex Xobeh
Okawaru
Pakellas
Qazlal
Ru
Sif Muna
Uskayaw
Vehumet
Xom
Yredelemnul
Zin


Innate Abilities, Weirdness & Mutations

You cannot wear most types of armour.
You are amphibious.
You can wear up to eight rings at the same time.
You can use your tentacles to constrict eight enemies at once.
Your skin changes colour to match your surroundings (Stealth+).
Your rubbery body absorbs attacks. (AC +1)


Message History

Unknown command.
You miss something. Your squeeze misses something. Something barely misses you.
You closely miss something. You hit something. You squeeze something.
Something hits you.
* * * LOW HITPOINT WARNING * * *
You closely miss something.
You hear some strange, mumbled words.
Something tries to affect you, but you resist.
You miss something. You squeeze something. Something hits you.
* * * LOW HITPOINT WARNING * * *
You closely miss something.
You hear some strange, mumbled words.
A puff of flame appears from out of thin air!
The puff of flame hits you! You resist.
* * * LOW HITPOINT WARNING * * *
You closely miss something. You slash something! Something hits you.
* * * LOW HITPOINT WARNING * * *
You barely miss something. Your squeeze misses something. Something hits you.
You die...

......##.........# #.#
.........##.###..# #.# #
.#...............# #.###.#.#
.#.#'######..##..####........
.#.....# ##.#.........##.#.#
.#.....# #.#...#.#.#.##.#.
.#.....# #.[..............
.#.....######...{†.).#.##.#.
.#.#.......##...@..#.#.# #
...#.......###.#.###.#.##.####
.#.........# #................
.'.....##### ##..#####.##.....
##.....# #............# #
#.....# ##...#####.##.....
#.....# #..........# ###.
####### #..........######.#
#.................#


There were no monsters in sight!

Vanquished Creatures
  The ghost of Yanussar the Skirmisher, a novice FoAK of Lugonu (D:6)
  Pikel (D:6)
  Sigmund (D:2)
  A water moccasin (D:7)
  2 slaves (D:6)
  An ice beast (D:6)
  2 phantoms (D:6)
  2 ogres
  2 sky beasts
  3 centaurs
  A big kobold (D:7)
  2 giant frogs (D:6)
  A killer bee (D:8)
  2 howler monkeys (D:5)
  3 crimson imps
  A giant frog zombie (D:6)
  7 orc priests
  2 giant frog skeletons
  A hound (D:6)
  10 orc wizards
  A centaur skeleton (D:6)
  Jessica (D:2)
  7 worker ants
  2 hound skeletons
  A hound zombie (D:5)
  8 adders
  A shadow imp (D:5)
  An adder skeleton (D:4)
  A worm (D:4)
  2 dart slugs (D:2)
  10 giant geckos
  23 orcs
  9 giant cockroaches
  7 goblins (D:1)
  10 hobgoblins
  7 jackals (D:2)
  4 quokkas
  A ball python (D:1)
  11 bats
  A giant gecko zombie (D:1)
  5 giant newts
  16 kobolds
  A quokka zombie (D:1)
  5 rats
181 creatures vanquished.

Vanquished Creatures (others)
  An ice dragon (D:3)
  A slave (D:6)
2 creatures vanquished.

Grand Total: 183 creatures vanquished

Notes
Turn   | Place    | Note
-------+----------+-------------------------------------------
     0 | D:1      | MrRokkomies the Octopode Skald began the quest for the Orb.
     0 | D:1      | Reached XP level 1. HP: 14/14 MP: 3/3
    61 | D:1      | Reached XP level 2. HP: 12/19 MP: 5/5
    83 | D:1      | Learned a level 2 spell: Shroud of Golubria
    87 | D:1      | Learned a level 2 spell: Song of Slaying
   423 | D:1      | Reached XP level 3. HP: 18/24 MP: 6/6
   888 | D:2      | Reached skill level 3 in Long Blades
  1054 | D:2      | Noticed Jessica
  1055 | D:2      | Killed Jessica
  1055 | D:2      | Reached XP level 4. HP: 22/29 MP: 7/7
  1710 | D:2      | Found a white marble altar of Elyvilon.
  1732 | D:2      | Noticed Sigmund
  1749 | D:2      | Killed Sigmund
  1749 | D:2      | Reached skill level 4 in Long Blades
  1749 | D:2      | Reached skill level 5 in Charms
  1749 | D:2      | Reached XP level 5. HP: 24/34 MP: 8/8
  1749 | D:2      | Reached XP level 6. HP: 28/39 MP: 9/9
  1754 | D:2      | Learned a level 3 spell: Spectral Weapon
  2333 | D:3      | Found an oddly glowing altar of Pakellas.
  2334 | D:3      | Noticed an ice dragon
  2350 | D:3      | Killed an ice dragon
  2367 | D:3      | Reached skill level 5 in Long Blades
  3033 | D:3      | Reached XP level 7. HP: 23/45 MP: 8/10
  3676 | D:4      | Found a hazy altar of Hepliaklqana.
  3745 | D:4      | Reached skill level 6 in Long Blades
  3777 | D:4      | Found a basalt altar of Yredelemnul.
  4067 | D:5      | Entered Level 5 of the Dungeon
  4234 | D:5      | Gained mutation: Your body sometimes deteriorates upon taking damage. [potion of mutation]
  4234 | D:5      | Gained mutation: Your mind is acute. (Int +2) [potion of mutation]
  4234 | D:5      | Gained mutation: Your body often deteriorates upon taking damage. [potion of mutation]
  4461 | D:5      | Reached XP level 8. HP: 36/50 MP: 11/11
  4623 | D:5      | Found a snail-covered altar of Cheibriados.
  4647 | D:5      | Reached skill level 5 in Dodging
  4675 | D:5      | Found a deep blue altar of Sif Muna.
  4850 | D:5      | Reached skill level 7 in Long Blades
  5727 | D:5      | Learned a level 3 spell: Mephitic Cloud
  5904 | D:6      | Gained mutation: Your spells are a little harder to cast, but a little more powerful. [potion of mutation]
  5904 | D:6      | Gained mutation: One of your tentacles bears a spike. [potion of mutation]
  5904 | D:6      | Gained mutation: You are somewhat resistant to further mutation. [potion of mutation]
  5927 | D:6      | Reached skill level 8 in Long Blades
  6062 | D:6      | Noticed Pikel
  6417 | D:7      | Reached XP level 9. HP: 16/54 MP: 12/12
  6688 | D:7      | Lost mutation: One of your tentacles bears a spike. [potion of cure mutation]
  6688 | D:7      | Lost mutation: Your body often deteriorates upon taking damage. [potion of cure mutation]
  6689 | D:7      | Lost mutation: Your mind is acute. (Int +2) [potion of cure mutation]
  6689 | D:7      | Lost mutation: Your body sometimes deteriorates upon taking damage. [potion of cure mutation]
  6689 | D:7      | Lost mutation: Your spells are a little harder to cast, but a little more powerful. [potion of cure mutation]
  6689 | D:7      | Lost mutation: You are somewhat resistant to further mutation. [potion of cure mutation]
  6752 | D:7      | Found an iron altar of Okawaru.
  7154 | D:6      | Killed Pikel
  7154 | D:6      | Reached skill level 9 in Long Blades
  7211 | D:6      | Found a blossoming altar of Fedhas.
  7801 | D:6      | Noticed Yanussar's ghost (novice FoAK)
  8008 | D:6      | Found a hide-covered altar of Uskayaw.
  8025 | D:6      | Found a staircase to the Ecumenical Temple.
  8032 | Temple   | Entered the Ecumenical Temple
  8234 | Temple   | Became a worshipper of Warmaster Okawaru
  8385 | D:6      | HP: 1/54 [Yanussar's ghost (9)]
  8390 | D:6      | Killed Yanussar's ghost
  8390 | D:6      | Reached skill level 10 in Long Blades
  8390 | D:6      | Reached XP level 10. HP: 9/60 MP: 13/13
  9025 | D:6      | HP: 3/61 [something/puff of flame (5)]
  9028 | D:6      | Slain by an orc wizard

Vault maps used:
D:1:      saegor_arrival_fortress, minmay_misc_feat_room, kennysheep_doodads,
          minmay_misc_feat_encased
D:2:      overflow_temple_1_default, minmay_strange_pillars, uniq_sigmund,
          uniq_jessica
D:3:      gammafunk_pakellas_cloud_experiment
D:4:      overflow_temple_1_default, lemuel_coloured_pillars_altar, first_bread
D:5:      wad_river_or_something, lemuel_blue_sif_altar,
          overflow_temple_1_default, gup_sewer_entry_pipe
D:6:      eat_drink_and_be_merry_uskayaw, basic_altar, uniq_pikel
D:7:      okawaru_gym_becter
D:8:      nicolae_overflow_hidden_temple, trog_ov_bears_minmay,
          nicolae_dithmenos_the_darkroom
Temple:   minmay_temple_curvy_loop

Skill      XL: |  1  2  3  4  5  6  7  8  9 10 |
---------------+-------------------------------+-----
Long Blades    | 3 4 5 6 8 10 | 10.0
Charms         | 5 |  5.1
Dodging        | 2 4 6 8 9 |  9.1
Fighting       | |  2.6
Spellcasting   | |  2.0

Action                   |  1- 3 |  4- 6 |  7- 9 | 10-12 || total
-------------------------+-------+-------+-------+-------++-------
Melee: Falchion          |    73 |   101 |   393 |    31 ||   598
       Constrict         |    21 |    23 |    71 |     2 ||   117
       Tentacles         |    10 |    23 |    83 |     6 ||   122
       Kick              |       |       |    14 |       ||    14
Throw: Stone             |       |     1 |     3 |       ||     4
 Cast: Infusion          |       |     3 |    11 |       ||    14
       Shroud of Golubri |       |     2 |    13 |     1 ||    16
       Song of Slaying   |       |       |     1 |       ||     1
       Spectral Weapon   |       |       |     2 |       ||     2
Evoke: Wand              |       |       |     2 |       ||     2
  Use: Scroll            |     4 |    10 |     7 |       ||    21
       Potion            |       |       |    14 |       ||    14
 Stab: Sleeping          |     6 |     5 |     5 |     1 ||    17
       Invisible         |       |       |     2 |       ||     2
       Distracted        |       |       |     2 |       ||     2
  Eat: Chunk             |       |     6 |    17 |       ||    23
       Royal jelly       |       |       |     1 |       ||     1
       Pizza             |       |       |       |     1 ||     1
Armor: Skin              |     8 |     6 |     6 |     2 ||    22
Dodge: Dodged            |    36 |    43 |   202 |    13 ||   294
